 Dungeon Crawl Stone Soup version 0.16.1-14-g82efdee (webtiles) character file.

86 karlm the Caller (level 4, -1/36 HPs)
             Began as a Naga Wizard on Apr 11, 2015.
             Slain by an adder (2 damage)
             ... on level 4 of the Dungeon.
             The game lasted 00:08:07 (2109 turns).

karlm the Caller (Naga Wizard)                      Turns: 2109, Time: 00:08:07

Health: -1/36      AC:  2    Str:  9    XL:     4   Next: 49%
Magic:  1/9        EV:  9    Int: 20    God:
Gold:   129        SH:  0    Dex:  9    Spells: 4 memorised, 0 levels left

rFire  x . .     SeeInvis +     f - +2 falchion (distort)
rCold  + . .     Clarity  .     a - +0 robe
rNeg   . . .     SustAb   .     (no shield)
rPois  +         Gourm    +     b - +0 hat
rElec  .         Spirit   .     (no cloak)
rCorr  .         Warding  .     (no gloves)
rMut   .         Stasis   .     (no barding)
MR     .....                    o - amulet of the gourmand
Stlth  ++........               q - ring of ice
                                (no ring)

@: short of breath, very slow, not resistant to hostile enchantments, unstealthy
A: spit poison, see invisible, deformed body, poison resistance, slowness 2, AC
+1
a: Spit Poison


You were on level 4 of the Dungeon.
You were not hungry.

You visited 1 branch of the dungeon, and saw 4 of its levels.

You collected 129 gold pieces.

Inventory:

Hand weapons
 f - a +2 falchion of distortion (weapon)
 m - a +3 war axe of electrocution
Missiles
 e - 75 stones (quivered)
Armour
 a - a +0 robe (worn)
 b - a +0 hat (worn)
 k - a +0 buckler
 n - a +0 shield
Jewellery
 o - an amulet of the gourmand (around neck)
 q - a ring of ice (right hand)
Scrolls
 i - 2 scrolls of magic mapping {unknown}
 p - a scroll of amnesia {unknown}
Potions
 h - a potion of poison {unknown}
 l - a potion of cancellation {unknown}
Books
 c - a book of Minor Magic

   Spells                             Type                      Level
   a - Magic Dart                     Conjuration                  1
   b - Blink                          Translocation                2
   c - Call Imp                       Summoning                    2
   d - Repel Missiles                 Charms/Air                   2
   e - Slow                           Hexes                        2
   f - Conjure Flame                  Conjuration/Fire             3
   g - Mephitic Cloud                 Conjuration/Poison/Air       3
Comestibles
 d - a bread ration
 g - a meat ration


   Skills:
 - Level 1.5 Dodging
 - Level 3.0 Stealth
 - Level 3.1 Spellcasting
 - Level 1.6 Conjurations
 + Level 3.7 Summonings
   Level 1.0 Translocations


You couldn't memorise any spells.
You knew the following spells:

 Your Spells              Type           Power        Failure   Level  Hunger
a - Magic Dart            Conj           #...         10%         1    None
b - Call Imp              Summ           ###.....     4%          2    ##.....
c - Conjure Flame         Conj/Fire      #.......     30%         3    ###....
d - Mephitic Cloud        Conj/Pois/Air  #.......     38%         3    ###....


Dungeon Overview and Level Annotations

Branches:
Dungeon (4/15)
 Temple: D:4-7

Altars:
Cheibriados
Yredelemnul

Annotations:
D:3 Grinder


Innate Abilities, Weirdness & Mutations

You cannot wear boots.
You can spit poison.
Your serpentine skin is tough (AC +1).
You have supernaturally acute eyesight.
Armour fits poorly on your strangely shaped body.
Your system is resistant to poisons.
You cover ground very slowly.


Message History

Grinder gestures.
Grinder blinks!
You climb downwards.
There is a stone staircase leading up here.
Drink which item? (? for menu, Esc to quit)
Okay, then.
Casting: Conjure Flame
Confirm with . or Enter, or press ? or * to list all spells.
Aiming: Magic Dart
Press: ? - help, Shift-Dir - straight line, f - adder
Aim: an adder The magic dart hits the adder.
The adder barely misses you.
Use which ability? (? or * to list)
Press: ? - help, Shift-Dir - straight line, f/p - adder
Aim: an adder The splash of poison misses the adder.
You feel slightly more hungry. The adder bites you.
* * * LOW HITPOINT WARNING * * *
The adder bites you.
You die...

#########
........S#
#@# #.#
#.# #.#
#.# ...
..# ###


You could see an adder.

Vanquished Creatures
  2 adders
  2 giant mites (D:2)
  A worm (D:2)
  3 ball pythons (D:1)
  11 bats
  5 hobgoblins
  6 kobolds
  4 giant newts
  7 goblins
  2 jackals (D:2)
  10 rats
53 creatures vanquished.

Vanquished Creatures (collateral kills)
  2 jackals (D:2)
2 creatures vanquished.

Vanquished Creatures (others)
  A giant gecko (D:3)
1 creature vanquished.

Grand Total: 56 creatures vanquished

Notes
Turn   | Place    | Note
--------------------------------------------------------------
     0 | D:1      | karlm, the Naga Wizard, began the quest for the Orb.
     0 | D:1      | Reached XP level 1. HP: 15/15 MP: 4/4
   170 | D:1      | Reached XP level 2. HP: 11/22 MP: 0/6
   174 | D:1      | Learned a level 2 spell: Call Imp
   773 | D:1      | Reached XP level 3. HP: 17/28 MP: 4/8
   789 | D:1      | Learned a level 3 spell: Conjure Flame
  1175 | D:2      | Found a basalt altar of Yredelemnul.
  1399 | D:2      | Found a snail-covered altar of Cheibriados.
  1624 | D:2      | Reached XP level 4. HP: 28/36 MP: 3/9
  1645 | D:2      | Learned a level 3 spell: Mephitic Cloud
  2083 | D:3      | Noticed Grinder
  2084 | D:3      | Paralysed by Grinder for 7 turns
  2092 | D:3      | Paralysed by Grinder for 2 turns
  2109 | D:4      | HP: 1/36 [adder (2)]
  2109 | D:4      | Slain by an adder

Action                   |  1- 3 |  4- 6 || total
-------------------------+-------+-------++-------
Melee: Hand axe          |    32 |       ||    32
       Falchion          |     2 |    12 ||    14
 Cast: Magic Dart        |    39 |    16 ||    55
       Call Imp          |     3 |     1 ||     4
       Conjure Flame     |       |     2 ||     2
 Abil: Spit Poison       |    38 |     7 ||    45
  Eat: Chunk             |     4 |     5 ||     9
